Cogmind - Beta 16 @@@ ROGUE MODE // 2025.11.30 @ 15:21:14 Player: Derk Result: Escaped! Performance ------------- Evolutions (9) 4500 Regions Visited (25) 5000 Robots Destroyed (234) 1170 Value Destroyed (9973) 9973 Prototype IDs (78) 1560 Alien Tech Used (8) 1600 Bonus (10921) 10921 TOTAL SCORE: 34724 Bonus ------- High Alert Combat Kills 1573 Follower Combat Kills 5108 Registered with UFD 300 Met Imprinter 300 Met Zhirov 300 Built Enhanced Grunts 300 Hacked Protovariant 500 Win 3000 Friendly Fire -460 Cogmind --------- Core Integrity 657/1600 Matter 295/300 Energy 599/600 System Corruption 0% Temperature Cool (2) Movement Hovering (70) Location To Epsilon Eridani Parts ------- > --- POWER (2) -------- (None) > --- PROPULSION (7) --- Improved Gyrokinetic Inverter > --- UTILITY (13) ----- Advanced Energy Well Advanced Signal Interpreter Advanced Target Analyzer Graphene Brace Improved Hacking Suite Advanced Corruption Screen > --- WEAPON (3) ------- Lance > --- INVENTORY (5) ---- Terrabomb HERF Cannon Advanced Remote Datajack Peak State ------------ > --- POWER ------------ Improved Quantum Reactor Matter Drive > --- PROPULSION ------- Improved Antigrav System Improved Gyrokinetic Inverter Improved Gyrokinetic Inverter Antigrav Array Combat Linear Gravjet Combat Linear Gravjet > --- UTILITY ---------- Advanced Heat Sink Advanced Heat Sink Medium Storage Unit Advanced Energy Well Advanced Signal Interpreter Advanced Targeting Computer Advanced Target Analyzer Phase Armor Graphene Brace Advanced Force Field Improved Hacking Suite Advanced Corruption Screen > --- WEAPON ----------- Improved Potential Cannon Lance > --- INVENTORY -------- Quantum Reactor Terrabomb Terrabomb Enhanced Nova Cannon Sigix Terminator Advanced Remote Datajack [Rating: 209] Favorites ----------- Power Makeshift Power Source Engine Makeshift Power Source Power Core Micro Fission Core Reactor Micro Antimatter Reactor Propulsion Light Treads Treads Light Treads Leg Arachnoskeleton Wheel Armored Huge Wheel Hover Unit Antigrav System Flight Unit Makeshift Flight Unit Utility Advanced Hacking Suite Device Amulet of Y3-NDR Storage Medium Storage Unit Processor Advanced Targeting Computer Hackware Advanced Hacking Suite Protection Improved Medium Armor Plating Artifact Phase Redirector Weapon Improved Datajack Energy Gun EM Pulse Gun Energy Cannon Matter Neutralizer Ballistic Gun Heavy Battle Rifle Ballistic Cannon Enhanced Hardcell Cannon Launcher Rocket Array Special Weapon Advanced Remote Datajack Impact Weapon Hammer Slashing Weapon Makeshift Sword Piercing Weapon Heavy Pick Special Melee Weapon Improved Datajack Build | -11 -10 -10 -10 -8 -8 -6 -6 -6 -6 -5 -5 -5 -5 -5 -5 -4 -4 -4 -4 -3 -3 -3 -2 -2 -1 ------- Run | Yrd Mat Min Sub Rec Scr Fac Low Low Zio Pro Fac Ext Cet Arc Hub Fac Upp Upp Zhi Pro Res Tes Res Qua Acc Slots Evolved 18 | . . . . . . 8 . . . . 2 . . . . 2 . . . . 2 . 2 . 2 Power 1 | . . . . . . . . . . . . . . . . . . . . . . . 1 . . Propulsion 5 | . . . . . . 2 . . . . 1 . . . . . . . . . . . 1 . 1 Utility 11 | . . . . . . 6 . . . . 1 . . . . 2 . . . . 2 . . . . Weapon 1 | . . . . . . . . . . . . . . . . . . . . . . . . . 1 Parts Attached 280 | 7 7 3 9 2 7 52 8 11 3 6 16 4 3 . 1 16 2 4 6 2 36 9 25 24 17 Power 31 | 1 1 . 2 . 2 2 1 2 . 1 2 . 1 . . . . . 1 . 2 1 2 7 3 Engine 8 | 1 1 . 2 . 1 1 1 1 . . . . . . . . . . . . . . . . . Core 7 | . . . . . 1 1 . 1 . 1 2 . . . . . . . . . . . . 1 . Reactor 16 | . . . . . . . . . . . . . 1 . . . . . 1 . 2 1 2 6 3 Propulsion 69 | 2 . . 1 1 . 15 . 2 . 2 4 1 . . . 7 . 1 3 . 12 1 5 6 6 Treads 4 | 2 . . 1 1 . . . . . . . . . . . . . . . . . . . . . Leg 2 | . . . . . . 2 . . . . . . . . . . . . . . . . . . . Wheel 3 | . . . . . . 2 . 1 . . . . . . . . . . . . . . . . . Hover 56 | . . . . . . 8 . . . 2 4 1 . . . 7 . 1 3 . 12 1 5 6 6 Flight 4 | . . . . . . 3 . 1 . . . . . . . . . . . . . . . . . Utility 111 | 2 4 2 1 1 1 23 4 6 2 3 6 . 2 . 1 6 . 3 2 1 13 5 10 9 4 Device 40 | 1 2 1 1 . . 6 1 4 1 . 1 . . . . 2 . 2 . . 7 1 4 5 1 Storage 9 | 1 1 . . 1 . 1 . . . . 2 . . . . . . . 1 . 1 1 . . . Processor 26 | . . . . . . 7 1 1 . 1 1 . . . 1 3 . . . . 2 1 4 3 1 Hackware 12 | . . . . . . 1 . 1 1 2 1 . . . . . . 1 . 1 1 . 2 . 1 Protection 22 | . 1 1 . . 1 8 2 . . . 1 . 2 . . 1 . . 1 . 2 2 . . . Artifact 2 | . . . . . . . . . . . . . . . . . . . . . . . . 1 1 Weapon 69 | 2 2 1 5 . 4 12 3 1 1 . 4 3 . . . 3 2 . . 1 9 2 8 2 4 Energy Gun 11 | 2 1 . 2 . 1 1 . . . . . . . . . . . . . 1 2 . 1 . . Energy Cannon 16 | . . . . . 1 2 1 . . . . . . . . 2 1 . . . 2 2 2 1 2 Ballistic Gun 18 | . 1 . 2 . . 3 2 1 . . 4 1 . . . 1 . . . . 2 . . . 1 Ballistic Cannon 3 | . . . . . . 1 . . . . . . . . . . . . . . . . 2 . . Launcher 6 | . . . . . . 3 . . . . . . . . . . . . . . 1 . . 1 1 Special Weapon 5 | . . . 1 . . . . . 1 . . 1 . . . . . . . . 1 . 1 . . Impact Weapon 3 | . . 1 . . 1 . . . . . . . . . . . . . . . 1 . . . . Slashing Weapon 2 | . . . . . . 1 . . . . . . . . . . 1 . . . . . . . . Piercing Weapon 4 | . . . . . . 1 . . . . . 1 . . . . . . . . . . 2 . . Special Melee Weapon 1 | . . . . . 1 . . . . . . . . . . . . . . . . . . . . Unidentified Prototypes 25 | . . . 1 . . 3 1 1 2 . 1 . 1 . . . . . 5 . 1 5 . 4 . Corrupted Parts 1 | . . . . . . . 1 . . . . . . . . . . . . . . . . . . System Corruption 6 | . . . . . . . 6 . . . . . . . . . . . . . . . . . . Parts Lost 117 | . 1 1 2 . . 29 5 . . . 3 2 2 . 3 . 1 1 . 1 17 7 16 7 19 Power 12 | . . . . . . 2 . . . . 2 . . . . . . . . . 1 . 3 1 3 Propulsion 35 | . . . . . . 9 3 . . . . 1 . . 1 . . 1 . . 6 3 4 2 5 Utility 49 | . 1 1 . . . 14 2 . . . 1 . 2 . 1 . 1 . . . 6 2 6 3 9 Weapon 21 | . . . 2 . . 4 . . . . . 1 . . 1 . . . . 1 4 2 3 1 2 Highest Loss Streak 8 | . 1 1 1 . . 8 5 . . . 2 2 2 . 3 . 1 1 . 1 8 6 8 2 7 To Critical Strikes 1 | . . . . . . . . . . . . . . . . . . . . . . . . 1 . Average Backups 8 | 3 8 9 7 10 10 10 3 4 5 5 6 9 10 10 9 9 9 10 9 8 9 6 8 7 6 Power . | . . . . . . 1 . . . . . 1 1 1 1 1 1 1 . . . 1 . . . Propulsion . | 1 1 1 1 1 1 . . . . . . . . . . . . . . 1 . . . . . Utility 2 | . 4 5 2 2 4 2 . 1 2 1 1 1 2 2 2 2 2 3 3 3 3 1 . 1 . Weapon 3 | . 2 3 3 5 4 3 2 3 2 3 3 5 6 6 5 5 5 5 4 2 3 3 6 4 2 Tool/Special . | . . . . . . . . . . . . . . . . . . . . . . . . . . Unused Backups 50 | 1 3 . 12 . 5 7 2 1 . . 3 . . . . 2 . 1 2 . 6 2 1 1 1 Power 3 | . . . . . . 2 . . . . . . . . . . . . 1 . . . . . . Propulsion 7 | 1 2 . . . . 1 . . . . 1 . . . . . . . . . 2 . . . . Utility 15 | . 1 . 7 . . . . . . . . . . . . 2 . 1 . . 2 2 . . . Weapon 19 | . . . 5 . 5 1 2 . . . 2 . . . . . . . 1 . 1 . 1 1 . Tool/Special 6 | . . . . . . 3 . 1 . . . . . . . . . . . . 1 . . . 1 Average Slot Usage (%) 88 | . 99 100 99 94 89 70 73 70 87 87 85 92 93 94 88 91 93 93 93 99 94 91 78 88 84 Engine 6 | . 14 14 14 14 8 3 4 5 5 4 . . . . . . . . . . . . . . . Core 3 | . . . . . 5 1 . . 5 6 9 5 4 5 5 5 5 5 2 . . . . . . Treads 13 | . 28 28 28 28 28 5 . . . . . . . . . . . . . . . . . . . Hover 7 | . . . . . . 1 15 5 5 8 15 19 22 22 18 20 21 20 22 26 21 21 16 18 21 Device 9 | . 12 9 13 14 . 8 5 14 16 16 13 10 5 5 5 8 13 17 19 15 15 17 11 10 18 Storage 8 | . 14 14 14 14 14 4 4 . . 1 2 5 5 5 5 5 5 5 5 5 5 6 8 8 7 Processor 7 | . . . . . . 8 19 15 13 13 16 21 22 22 17 22 21 13 10 10 12 5 8 19 13 Hackware 4 | . . . . . . 1 . 2 7 5 7 10 11 11 11 10 10 13 15 17 19 17 15 15 6 Protection 6 | . 1 4 . . 10 11 4 5 5 5 4 5 9 11 11 8 6 6 6 8 4 8 3 . . Energy Gun 2 | . 19 1 4 . 2 2 . . . . . . . . . . . . . 2 1 . . . . Ballistic Gun 4 | . 8 14 10 11 . 1 4 11 10 11 9 10 11 11 9 6 1 . . . 2 . . . 1 Impact Weapon 3 | . . 12 12 11 5 3 . . . . . . . . . . . . . . . . . . . Piercing Weapon 1 | . . . . . . . 5 5 5 5 5 3 . . 1 . . . . . . . 1 3 4 Special Melee Weapon 3 | . . . . . 12 . . . . . . . . . . . . . . . . . . . . Peak Build Rating 209 | 7 8 10 16 17 30 90 81 96 97 101 116 111 120 117 117 113 110 108 122 126 142 140 155 167 209 Average Rating 62 | 5 7 9 13 16 22 62 70 75 95 97 107 107 114 117 97 108 107 106 109 122 128 126 128 143 158 On Entrance 82 | . 7 8 8 15 15 30 73 63 96 95 101 110 106 117 117 94 109 108 107 122 122 133 105 114 164 Avg Prop Armor Cover (%) 3 | . . . . . . 6 . 2 2 2 3 . . . . . . . . . . . 4 5 . Naked Turns . | . . . . . . . . . . . . . . . . . . . . . . . . . . Heaviest Build 138 | 13 18 20 22 92 95 138 44 51 51 56 53 39 42 42 42 54 50 50 64 68 58 74 67 82 133 Greatest Support 90 | 40 40 40 40 43 43 50 36 28 28 28 56 56 56 56 56 54 54 54 56 56 63 63 80 78 90 Greatest Overweight (x) 8 | 1 . . . 2 2 8 4 4 1 1 1 . . . . 1 . 1 1 1 1 1 1 1 1 Average Overweight (x) . | . . . . 1 1 2 . 3 1 1 . . . . . . . . . . . . . . . Largest Inventory Capacity 25 | 8 10 10 10 25 25 25 5 5 5 5 10 10 10 10 10 10 10 10 10 10 10 10 10 10 10 Average Capacity 13 | 7 8 10 10 24 25 17 5 5 5 5 7 10 10 10 10 10 10 10 10 10 10 10 10 10 9 Most Carried 25 | 6 10 10 10 17 25 25 5 5 5 5 10 10 10 10 10 10 10 10 10 10 10 10 10 10 10 Average Carried 10 | 3 8 9 9 13 15 14 4 4 4 4 6 9 10 10 9 9 9 9 9 9 9 8 9 9 9 Final Capacity 25 | 8 10 10 10 25 25 5 5 5 5 5 10 10 10 10 10 10 10 10 10 10 10 10 10 10 5 Final Carried 25 | 6 10 10 10 17 25 5 3 5 5 5 10 10 10 10 9 10 10 10 10 10 10 7 8 10 3 Scrap Suit Usage (%) 1 | . . . . . . 3 . . . . . . . . . . . . . . . . . . . Class Distribution -------------------- 57% | Mutant 14% | Hacker-Mutant 12% | Scavenger-Mutant 11% | Derelict-Mutant 3% | Commander-Mutant Dominant Class ---------------- Mutant | -10/Materials Mutant | -10/Mines Mutant | -10/Subcaves Mutant | -8/Recycling Mutant | -8/Scraptown Mutant | -6/Factory Scavenger-Mutant | -6/Lower Caves Mutant | -6/Lower Caves Derelict-Mutant | -6/Zion Derelict-Mutant | -5/Proximity Caves Scavenger-Mutant | -5/Factory Commander-Mutant | -5/Extension Commander-Mutant | -5/Cetus Commander-Mutant | -5/Archives Scavenger-Mutant | -5/Hub_04(d) Scavenger-Mutant | -4/Factory Scavenger-Mutant | -4/Upper Caves Hacker-Mutant | -4/Upper Caves Hacker-Mutant | -4/Zhirov Hacker-Mutant | -3/Proximity Caves Hacker-Mutant | -3/Research Hacker-Mutant | -3/Testing Hacker-Mutant | -2/Research Hacker-Mutant | -2/Quarantine Scavenger-Mutant | -1/Access Resources | -11 -10 -10 -10 -8 -8 -6 -6 -6 -6 -5 -5 -5 -5 -5 -5 -4 -4 -4 -4 -3 -3 -3 -2 -2 -1 ----------- Run | Yrd Mat Min Sub Rec Scr Fac Low Low Zio Pro Fac Ext Cet Arc Hub Fac Upp Upp Zhi Pro Res Tes Res Qua Acc Matter Collected 7155 | 270 121 24 409 20 107 1189 187 264 20 152 397 274 138 . 21 546 119 50 154 120 926 233 546 398 470 Remotely . | . . . . . . . . . . . . . . . . . . . . . . . . . . Salvage Created 10300 | 60 519 81 63 . . 2479 163 44 . 294 495 960 220 . 21 611 90 . 225 268 1159 165 604 776 1003 Parts 499 | 10 37 7 2 . . 115 5 2 . 12 11 39 4 . 2 35 5 . 1 10 50 5 36 51 60 Haulers Intercepted 13 | . 2 . . . . 1 . . . . 3 3 . . . 1 . . . . 1 1 . . 1 Recyclers Shooed 6 | . . . . . . 2 . . . . 1 . . . . 1 . . . . 1 . 1 . . Parts Field Recycled . | . . . . . . . . . . . . . . . . . . . . . . . . . . Retrieved Matter . | . . . . . . . . . . . . . . . . . . . . . . . . . . Parts Self-Destructed 57 | . . . 7 . . . 4 4 . 22 . . . . . . 1 3 1 15 . . . . . Prevented 48 | . . . . . . . . 3 . 15 . . . . . . 3 6 . 21 . . . . . Parts Restored . | . . . . . . . . . . . . . . . . . . . . . . . . . . Kills | -11 -10 -10 -10 -8 -8 -6 -6 -6 -6 -5 -5 -5 -5 -5 -5 -4 -4 -4 -4 -3 -3 -3 -2 -2 -1 ------- Run | Yrd Mat Min Sub Rec Scr Fac Low Low Zio Pro Fac Ext Cet Arc Hub Fac Upp Upp Zhi Pro Res Tes Res Qua Acc Combat Hostiles Destroyed 171 | . 8 2 2 . . 51 5 1 . 2 5 9 3 . . 15 1 . . 4 23 1 5 10 24 Melee 11 | . . . . . . 8 1 . . 1 . 1 . . . . . . . . . . . . . Guns 46 | . 6 1 1 . . 6 2 1 . 1 1 8 3 . . 5 . . . . 5 . . . 6 Cannons 35 | . . . . . . 9 2 . . . . . . . . 1 1 . . 1 1 1 4 7 8 AOE 65 | . 2 1 . . . 20 . . . . 4 . . . . 9 . . . 2 17 . . 1 9 Classes Destroyed 17 | 1 7 . 1 . . 6 1 . . . . . . . . . . . . . 1 . . . . Worker 16 | . . . . . . 5 . . . . . . . . . 1 . . . . 2 3 . 1 4 Builder 3 | . . . . . . 1 . . . . . 1 . . . . . . . . . . . . 1 Tunneler 6 | 3 . . . . . 2 . . . . . . . . . . . . . . . . 1 . . Hauler 13 | . 2 . . . . 1 . . . . 3 3 . . . 1 . . . . 1 1 . . 1 Recycler 7 | . 1 . . . . 2 . . . . . . . . . . . . . . . . 2 . 2 Minesweeper 1 | . . . . . . . 1 . . . . . . . . . . . . . . . . . . Mechanic 2 | . 1 . . . . . . . . . . . . . . . . . . . 1 . . . . Operator 3 | . 1 . . . . . . . . . . . . . . . . . . . 1 . . . 1 Watcher 11 | . 3 . . . . 2 . . . . 1 1 1 . 1 . . . . . 1 . . . 1 Swarmer 64 | . 6 . 1 . . 18 5 . . . . 2 . . . 10 . . . . 5 . . . 17 Cutter 2 | . . . . . . . . . . . . . . . . . . . . . 2 . . . . Grunt 50 | . 2 2 . . . 16 . . . 1 5 2 2 . . 3 . . . 4 11 . 1 . 1 Brawler 3 | . . . . . . 1 . . . . . . . . . . . . . . 2 . . . . Sentry 11 | . . . . . . 5 . . . . . 5 . . . . 1 . . . . . . . . Hunter 12 | . . . . . . 4 . . . . . . . . . . . . . . . 1 . 3 4 Programmer 27 | . . . . . . 7 . 1 . 1 . . . . . 2 . . . . 3 . 4 7 2 Cetus Guard 1 | . . . . . . . . . . . . . 1 . . . . . . . . . . . . Subdweller 1 | . . . 1 . . . . . . . . . . . . . . . . . . . . . . Wizard 1 | . . . . . . . . . . . . . . . . . . . . 1 . . . . . Best Kill Streak 14 | 2 4 2 1 . . 8 2 1 . 1 4 3 2 . 1 8 1 . . 2 10 5 3 4 14 Combat Bots Only 12 | . 3 2 1 . . 7 2 1 . 1 4 3 2 . . 8 1 . . 2 10 1 2 3 12 Max Kills in Single Turn 10 | 2 3 1 1 . . 5 1 1 . 1 2 2 1 . 1 3 1 . . 3 4 3 1 1 10 Gunslinging . | . . . . . . . . . . . . . . . . . . . . . . . . . . Exploded 4 | . 2 1 . . . 4 . . . . 2 . . . . 3 . . . 2 4 . . 1 4 Melee 1 | . . . . . . 1 1 . . 1 . 1 . . . . . . . . . . . . . Uniques/NPCs Destroyed . | . . . . . . . . . . . . . . . . . . . . . . . . . . Combat | -11 -10 -10 -10 -8 -8 -6 -6 -6 -6 -5 -5 -5 -5 -5 -5 -4 -4 -4 -4 -3 -3 -3 -2 -2 -1 -------- Run | Yrd Mat Min Sub Rec Scr Fac Low Low Zio Pro Fac Ext Cet Arc Hub Fac Upp Upp Zhi Pro Res Tes Res Qua Acc Hostile Shots Fired 1927 | . 23 11 31 . . 488 56 7 . 23 28 47 23 . 4 46 2 12 . 45 305 134 181 94 367 Missed 715 | . 7 1 9 . . 169 18 3 . 6 9 14 7 . 1 27 . 6 . 14 132 47 80 37 128 Hits 1212 | . 16 10 22 . . 319 38 4 . 17 19 33 16 . 3 19 2 6 . 31 173 87 101 57 239 Melee 2 | . . . . . . . . . . . . . . . . . . . . . . 2 . . . Projectile 1210 | . 16 10 22 . . 319 38 4 . 17 19 33 16 . 3 19 2 6 . 31 173 85 101 57 239 AOE 3 | . . . . . . . . . . . 2 . . . . . . . . . 1 . . . . Critical Strikes 52 | . . . 1 . . 10 . . . . 1 4 4 . . 1 . . . 2 8 1 4 5 11 Actively Blocked 13 | . . . . . . . . . . . . . . . . . . . . . 2 . . . 11 Part Disruptions 3 | . . . . . . . . . . . . . . . . . . . . . 1 . 1 . 1 Damage Taken 22654 | . 211 143 423 . . 4881 580 62 . 343 661 495 340 248 349 515 72 229 . 629 3467 1333 2287 1129 4257 Core 3169 | . . . 97 . . 529 93 . . 17 68 58 . 62 47 97 . . . 21 658 117 193 169 943 Absorbed by Shields 1451 | . . . . . . . . . . . . 331 69 . . . . . . . . 89 . 177 785 Redirected to Core 325 | . . . . . . . . . . . . . . . . . . . . . . . . 123 202 Redirected to Shielding 64 | . . . . . . . . . . . . . . . . . . . . . 64 . . . . Ignored by Resistances 298 | . . . . . . 298 . . . . . . . . . . . . . . . . . . . Regen/Repaired (Parts) 868 | . . . . . . . . . . . . . . . . 46 . . . . 295 . 527 . . Core Remaining (%) 62 | 100 . . . . 61 . . . . 24 . . . . 76 . . . . 89 . 35 . 75 41 Volleys Fired 550 | 3 32 6 7 . . 104 23 3 . 6 14 30 11 . 3 58 2 4 . 18 74 31 39 29 53 Largest 2 | 2 2 2 2 . . 2 2 2 . 2 2 2 2 . 2 2 1 1 . 2 2 1 2 1 2 Hottest 200 | 90 90 60 80 . . 150 69 57 . 63 63 66 66 . 66 125 105 105 . 140 188 200 134 120 200 Shots Fired 798 | 6 66 13 16 . . 137 30 8 . 12 25 59 22 . 6 85 2 4 . 20 107 30 50 28 72 Gun 449 | 6 66 13 16 . . 63 12 8 . 12 22 58 22 . 6 48 . . . 2 55 . . . 40 Cannon 300 | . . . . . . 62 18 . . . . . . . . 33 2 4 . 17 35 25 49 25 30 Launcher 36 | . . . . . . 12 . . . . 3 . . . . 4 . . . 1 12 . . 3 1 Special 13 | . . . . . . . . . . . . 1 . . . . . . . . 5 5 1 . 1 Kinetic 362 | . 5 7 9 . . 44 12 8 . 12 22 58 22 . 6 48 . . . 2 31 . 36 . 40 Thermal 244 | 3 28 . . . . 31 . . . . . . . . . 33 2 4 . 17 48 24 . 25 29 Explosive 32 | . . . . . . 12 . . . . 3 . . . . 4 . . . 1 12 . . . . Electromagnetic 147 | 3 33 6 7 . . 50 18 . . . . . . . . . . . . . 11 1 13 3 2 Robot Hit Streak 35 | 2 6 4 7 . . 8 4 3 . 2 5 13 17 . 1 8 2 6 . 7 12 32 35 11 8 Robot Miss Streak 7 | 2 4 2 2 . . 6 6 3 . 3 3 2 1 . 2 3 . . . 1 7 . 3 4 4 Penetration Max 1 | . . . . . . 1 . . . . 1 1 1 . . 1 . . . . 1 . . . 1 Secondary Targets 7 | . 1 1 . . . . . . . 1 . 1 2 . . 1 . . . . . . . . . Max Gunslinging Chain 1 | . 1 1 . . . . . . . 1 . 1 1 . . 1 . . . . . . . . . Shots Hit Robots 602 | 3 34 8 14 . 6 153 20 4 . 12 24 50 21 . 1 40 2 5 3 15 67 20 32 23 45 Core Hits 412 | 3 22 5 3 . . 90 10 2 . 4 24 27 14 . 1 39 1 3 2 14 84 6 8 17 33 Critical Kills 17 | . . . . . . 2 . . . . 1 1 . . . 1 . . . 1 3 . . 1 7 Critical Parts Destroyed 23 | . . . . . . 13 1 . . . 1 . 2 . . 1 . . . . 2 . . . 3 Critical Strikes 57 | . 1 . . . . 21 1 . . . 4 2 2 . . 2 . . . 1 8 . 4 1 10 Burn 5 | . 1 . . . . 2 . . . . . . . . . . . . . . 2 . . . . Meltdown 3 | . . . . . . . . . . . . . . . . . . . . 1 . . . 1 1 Destroy 24 | . . . . . . 1 1 . . . 2 1 2 . . 2 . . . . 6 . . . 9 Blast 2 | . . . . . . . . . . . . . . . . . . . . . . . 2 . . Corrupt 4 | . . . . . . 4 . . . . . . . . . . . . . . . . . . . Smash 14 | . . . . . . 14 . . . . . . . . . . . . . . . . . . . Impale 5 | . . . . . . . . . . . 2 1 . . . . . . . . . . 2 . . Melee Attacks 319 | . . 11 64 . 6 104 6 1 2 8 34 15 . . 4 . . 5 3 3 . . 19 26 8 Impact 159 | . . 11 64 . . 84 . . . . . . . . . . . . . . . . . . . Slashing 15 | . . . . . . . 4 . . . . . . . . . . 5 3 3 . . . . . Piercing 137 | . . . . . . 18 2 1 2 8 34 15 . . 4 . . . . . . . 19 26 8 Sneak Attacks 39 | . . . 1 . 6 13 . . . 2 4 6 . . . . . 1 . . . . 5 . 1 Combat Hostiles 1 | . . . . . . . . . . . . 1 . . . . . . . . . . . . . Follow-up Attacks 6 | . . . . . . 5 1 . . . . . . . . . . . . . . . . . . Damage Inflicted 37234 | 52 552 129 196 . . 7032 515 99 . 525 1591 1655 610 . 27 1809 38 217 215 852 5482 998 1705 1636 11299 Guns 6386 | 52 454 74 138 . . 953 144 99 . 160 321 1109 610 . 27 852 . . . 42 1085 . . . 266 Cannons 7596 | . . . . . . 1443 302 . . . . . . . . 276 38 141 . 365 602 762 1116 1208 1343 Explosions 17775 | . 98 55 . . . 1719 45 . . . 732 . . . . 681 . . . 369 3795 236 . 428 9617 Melee 5477 | . . . 58 . . 2917 24 . . 365 538 546 . . . . . 76 215 76 . . 589 . 73 Ramming . | . . . . . . . . . . . . . . . . . . . . . . . . . . Kinetic 5997 | . 15 33 81 . . 761 144 99 . 160 321 1109 610 . 27 852 . . . 42 656 . 821 . 266 Thermal 15655 | 25 323 55 . . . 547 45 . . . . . . . . 276 38 141 . 365 715 998 . 1208 10919 Explosive 7242 | . . . . . . 1665 . . . . 732 . . . . 681 . . . 369 3795 . . . . Electromagnetic 2863 | 27 214 41 57 . . 1142 302 . . . . . . . . . . . . . 316 . 295 428 41 Impact 2500 | . . . 58 . . 2442 . . . . . . . . . . . . . . . . . . . Slashing 367 | . . . . . . . . . . . . . . . . . . 76 215 76 . . . . . Piercing 2610 | . . . . . . 475 24 . . 365 538 546 . . . . . . . . . . 589 . 73 Highest Corruption 20 | . 6 6 6 6 . 20 18 18 18 . . . . . 10 4 4 4 4 4 10 7 5 5 . Average Corruption 6 | . 4 6 6 6 . 7 15 18 18 . . . . . 10 2 4 4 4 4 5 4 4 5 . Corruption Purged 7 | . . . . . . . . . . . . . . . . . . . . . 3 4 . . . Corruption Blocked 16 | . . . . . . . . . . . . . . . . . . . . . . . . 9 7 Effects 372 | . 23 14 104 9 . 74 23 33 1 . . . . . 2 5 6 5 5 11 28 5 9 15 . Message Errors 85 | . 3 4 20 2 . 18 6 8 1 . . . . . . 1 1 2 1 2 7 1 4 4 . Matter Fused 86 | . 4 3 23 2 . 19 5 9 . . . . . . 1 1 2 2 2 2 5 2 1 3 . Heat Flow Errors 48 | . 5 3 16 3 . 6 2 2 . . . . . . 1 1 1 . . 1 4 . 1 2 . Energy Discharges 40 | . 1 . 14 . . 6 4 3 . . . . . . . . 1 . 1 2 4 1 2 1 . Parts Rejected 2 | . . . . . . . . . . . . . . . . . . . . . 2 . . . . Parts Fused 5 | . . . 1 . . 1 . 1 . . . . . . . . . . . . 1 . . 1 . Data Loss (minor) 48 | . 7 3 14 1 . 8 3 3 . . . . . . . 1 1 . 1 1 3 . . 2 . Data Loss (major) 18 | . 1 . 6 . . 4 1 3 . . . . . . . . . 1 . 1 . . . 1 . Misfires 15 | . 2 1 5 . . 1 1 3 . . . . . . . . . . . 1 . . 1 . . Alerts 11 | . . . 5 1 . 4 . . . . . . . . . . . . . . 1 . . . . Misdirections 3 | . . . . . . 2 1 . . . . . . . . . . . . . . . . . . Weapon Failures 11 | . . . . . . 5 . 1 . . . . . . . 1 . . . 1 1 1 . 1 . Overload Shots . | . . . . . . . . . . . . . . . . . . . . . . . . . . Overflow Damage 3100 | . . . 3 . . 982 14 . . 28 36 45 . . . 8 . 36 61 . 170 63 253 100 1301 Projectiles 556 | . . . . . . 21 14 . . . . . . . . . . . . . 7 16 94 100 304 Explosions 1257 | . . . . . . 42 . . . . . . . . . 8 . . . . 163 47 . . 997 Melee 1287 | . . . 3 . . 919 . . . 28 36 45 . . . . . 36 61 . . . 159 . . Knockbacks 26 | . . . . . . 17 . . . . . . . . . . . . . . . . 9 . . Impact 12 | . . . . . . 12 . . . . . . . . . . . . . . . . . . . Kinetic 12 | . . . . . . 4 . . . . . . . . . . . . . . . . 8 . . Secondary 2 | . . . . . . 1 . . . . . . . . . . . . . . . . 1 . . Self-Inflicted Damage 555 | . 38 . . . . 138 . . . . . . . . . 56 . . . 39 151 . 133 . . Shots 20 | . 1 . . . . 4 . . . . . . . . . 4 . . . 2 8 . 1 . . Rammed . | . . . . . . . . . . . . . . . . . . . . . . . . . . Targets Rammed . | . . . . . . . . . . . . . . . . . . . . . . . . . . Kicked . | . . . . . . . . . . . . . . . . . . . . . . . . . . Crushed . | . . . . . . . . . . . . . . . . . . . . . . . . . . Highest Temperature 530 | 60 274 231 261 187 . 530 194 207 . 5 8 49 32 1 184 255 140 310 . 301 344 128 157 198 276 Average Temperature 96 | 26 90 87 102 82 . 195 55 90 . 3 5 20 13 1 76 72 64 201 . 68 79 41 57 105 69 Received Heat Transfer 2754 | . 66 78 51 . . 1284 27 . . 54 54 158 13 . 27 97 9 63 . 63 441 40 117 4 108 Effects 28 | . 2 . 1 . . 25 . . . . . . . . . . . . . . . . . . . Shutdowns 5 | . . . . . . 5 . . . . . . . . . . . . . . . . . . . Energy Bleed 4 | . . . 1 . . 3 . . . . . . . . . . . . . . . . . . . Interference 8 | . 2 . . . . 6 . . . . . . . . . . . . . . . . . . . Matter Decay 1 | . . . . . . 1 . . . . . . . . . . . . . . . . . . . Short Circuit 2 | . . . . . . 2 . . . . . . . . . . . . . . . . . . . Damage (minor) 1 | . . . . . . 1 . . . . . . . . . . . . . . . . . . . Damage (major) 6 | . . . . . . 6 . . . . . . . . . . . . . . . . . . . Damage (core) 1 | . . . . . . 1 . . . . . . . . . . . . . . . . . . . Siege Activations . | . . . . . . . . . . . . . . . . . . . . . . . . . . Martial Activations . | . . . . . . . . . . . . . . . . . . . . . . . . . . Shielding Activations . | . . . . . . . . . . . . . . . . . . . . . . . . . . Robots Disrupted 1 | . . . . . . 1 . . . . . . . . . . . . . . . . . . . Combat Hostiles . | . . . . . . . . . . . . . . . . . . . . . . . . . . Robots Corrupted 17 | . . . 1 . . 14 . . . . . . . . . . . . . . . . 1 1 . Combat Hostiles 11 | . . . 1 . . 8 . . . . . . . . . . . . . . . . 1 1 . Parts Fried 31 | . . . 1 . . 20 2 . . . . 1 . . . . . . . . 3 . 2 2 . Impact Corruptions 32 | . . . 1 . . 31 . . . . . . . . . . . . . . . . . . . Robots Melted 4 | . . . . . . . . . . . . . . . . . . . . 1 1 . . 1 1 Combat Hostiles 3 | . . . . . . . . . . . . . . . . . . . . 1 . . . 1 1 Parts Melted 20 | . 2 . . . . 2 . . . . . 1 . . . . . . . 1 8 . . 2 4 Heat Transferred 8155 | 74 890 50 . . . 1250 50 . . . . . . . . 296 37 148 . 370 1359 808 . 777 2046 Parts Sabotaged . | . . . . . . . . . . . . . . . . . . . . . . . . . . Parts Stolen . | . . . . . . . . . . . . . . . . . . . . . . . . . . Parts Stripped . | . . . . . . . . . . . . . . . . . . . . . . . . . . Power Chain Reactions 5 | . 1 1 . . . 2 1 . . . . . . . . . . . . . . . . . . Alert | -11 -10 -10 -10 -8 -8 -6 -6 -6 -6 -5 -5 -5 -5 -5 -5 -4 -4 -4 -4 -3 -3 -3 -2 -2 -1 ------- Run | Yrd Mat Min Sub Rec Scr Fac Low Low Zio Pro Fac Ext Cet Arc Hub Fac Upp Upp Zhi Pro Res Tes Res Qua Acc Maximum Alert Level 5 | . . . . . . 4 . . . . 1 2 2 1 . 3 . . . . 3 2 2 2 5 Low Security (%) 48 | 100 100 100 . 100 . 56 . . . . 55 20 . 25 100 23 . . . . 41 . 7 . 36 Level 1 20 | . . . . . . 7 . . . . 44 9 10 75 . 26 . . . . 3 . 65 97 34 Level 2 20 | . . . . . . 11 . . . . . 70 89 . . 41 . . . . 23 100 26 2 14 Level 3 8 | . . . . . . 16 . . . . . . . . . 8 . . . . 31 . . . 3 Level 4 1 | . . . . . . 7 . . . . . . . . . . . . . . . . . . . Level 5 . | . . . . . . . . . . . . . . . . . . . . . . . . . 10 High Security . | . . . . . . . . . . . . . . . . . . . . . . . . . . Max Security . | . . . . . . . . . . . . . . . . . . . . . . . . . . Peak Influence 1837 | 10 114 53 . 48 . 1259 . . . . 374 637 630 220 85 880 . . . . 869 510 559 406 1837 Initial 461 | . . 3 . 48 . . . . . . 121 112 336 220 77 24 . . . . 178 461 274 306 156 Average 295 | . 25 4 . 11 . 352 . . . . 193 404 530 204 58 402 . . . . 452 471 302 318 443 Influence Increases 14185 | 15 308 60 151 30 . 2157 205 249 . 703 786 1101 384 40 34 1468 29 181 14 547 1975 248 822 486 2192 Destroy 0b10 Robot/C 6180 | . 160 40 100 20 . 1140 100 140 . 380 380 500 160 20 . 620 20 120 . 320 920 20 160 200 660 Destroy 0b10 Robot/NC 445 | 15 40 . . . . 65 5 . . 15 30 40 5 . 5 30 . . 10 . 50 20 30 5 80 Destroy Leader 974 | . 40 10 10 . . 266 10 30 . 40 58 42 10 . 2 114 . . . 30 158 12 20 30 92 Allied During Kill 1651 | . . . 41 10 . 44 . 64 . 208 88 411 175 20 . 121 9 46 4 122 251 . . . 37 Trap Triggered on 0b10 10 | . . . . . . 10 . . . . . . . . . . . . . . . . . . . Successful Hack 332 | . 47 . . . . 40 . . . . 10 48 . . . 30 . . . . 45 11 69 32 . Select Force Hacks 50 | . . . . . . 50 . . . . . . . . . . . . . . . . . . . Disable Machine 630 | . 15 . . . . 150 . . . . 15 . . . . 75 . . . . 30 45 90 105 105 Destroy Structure 2218 | . 6 10 . . . 167 . . . . 130 30 34 . 12 268 . . . . 296 20 183 54 1008 Partial Spotted 60 | . . . . . . 15 . . . . 15 15 . . . . . . . . 15 . . . . Lose Combat Pursuer 1635 | . . . . . . 210 90 15 . 60 60 15 . . 15 210 . 15 . 75 210 120 270 60 210 Influence Decreases 12365 | 15 298 70 49 132 . 903 761 489 458 510 750 729 435 370 203 645 505 256 337 282 1419 580 765 772 632 Entered New Map 3801 | . . 7 . 54 . . 465 133 458 . 72 117 265 330 143 27 325 76 323 . 87 360 215 240 104 Time Decay 5176 | 15 288 60 49 78 . 458 246 356 . 350 368 342 130 40 30 308 170 150 14 192 452 150 310 302 318 Lost Part 1111 | . 10 3 . . . 258 50 . . . 30 20 20 . 30 . 10 10 . 10 170 70 160 70 190 Lost Ally 1227 | . . . . . . 187 . . . 160 130 100 20 . . 160 . 20 . 80 260 . 80 10 20 Purge Threat 1050 | . . . . . . . . . . . 150 150 . . . 150 . . . . 450 . . 150 . Squads Dispatched 89 | . . . . . . 22 . . . 1 11 3 1 . . 11 . . . . 14 4 10 4 8 Investigation 29 | . . . . . . 7 . . . . 4 2 1 . . 5 . . . . 3 . 5 1 1 Extermination 23 | . . . . . . 7 . . . . 2 . . . . 2 . . . . 4 . 3 3 2 Reinforcement 21 | . . . . . . 5 . . . . 2 1 . . . . . . . . 6 3 2 . 2 Assault 4 | . . . . . . . . . . 1 . . . . . 1 . . . . 1 1 . . . Garrison 12 | . . . . . . 3 . . . . 3 . . . . 3 . . . . . . . . 3 Intercept . | . . . . . . . . . . . . . . . . . . . . . . . . . . Searches Triggered . | . . . . . . . . . . . . . . . . . . . . . . . . . . Construction Impeded 4 | . . . . . . 1 . . . . . . . . . . . . . . 1 . 1 . 1 Haulers Reinforced 5 | . . . . . . 2 . . . . . . . . . . . . . . 1 1 1 . . Active Scanning Responses . | . . . . . . . . . . . . . . . . . . . . . . . . . . Cargo Convoy Interrupts 2 | . . . . . . 1 . . . . . . . . . . . . . . 1 . . . . Stealth | -11 -10 -10 -10 -8 -8 -6 -6 -6 -6 -5 -5 -5 -5 -5 -5 -4 -4 -4 -4 -3 -3 -3 -2 -2 -1 --------- Run | Yrd Mat Min Sub Rec Scr Fac Low Low Zio Pro Fac Ext Cet Arc Hub Fac Upp Upp Zhi Pro Res Tes Res Qua Acc Distress Signals 16 | . 1 1 . . . 2 . . . . 1 1 1 . 1 1 . . . . 3 . 2 1 1 Communications Jammed . | . . . . . . . . . . . . . . . . . . . . . . . . . . Distress Signals . | . . . . . . . . . . . . . . . . . . . . . . . . . . Times Spotted 477 | . 15 2 20 . . 72 14 4 . 21 23 26 8 1 5 32 1 8 . 21 83 24 33 21 43 Peak Tracking Total 18 | . 4 2 6 . . 6 8 3 . 5 6 6 5 2 7 7 1 7 . 7 16 12 13 6 18 Tactical Retreats 54 | . . . . . . 8 6 1 . 1 2 1 . . 1 5 . 1 . 2 8 4 7 1 6 Traps | -11 -10 -10 -10 -8 -8 -6 -6 -6 -6 -5 -5 -5 -5 -5 -5 -4 -4 -4 -4 -3 -3 -3 -2 -2 -1 ------- Run | Yrd Mat Min Sub Rec Scr Fac Low Low Zio Pro Fac Ext Cet Arc Hub Fac Upp Upp Zhi Pro Res Tes Res Qua Acc Traps Triggered 18 | . 4 . 3 . . 2 . . . . . 1 . . . 1 . . . . 1 . 4 1 1 Indirectly . | . . . . . . . . . . . . . . . . . . . . . . . . . . Trap Hack Attempts . | . . . . . . . . . . . . . . . . . . . . . . . . . . Triggered . | . . . . . . . . . . . . . . . . . . . . . . . . . . Disarmed . | . . . . . . . . . . . . . . . . . . . . . . . . . . Reprogrammed . | . . . . . . . . . . . . . . . . . . . . . . . . . . Reused 1 | . . . . . . 1 . . . . . . . . . . . . . . . . . . . Traps Extracted . | . . . . . . . . . . . . . . . . . . . . . . . . . . Installed 2 | . . . . . . 2 . . . . . . . . . . . . . . . . . . . Triggered 1 | . . . . . . 1 . . . . . . . . . . . . . . . . . . . Most Traps Carried 3 | . . . . . 2 2 3 3 3 3 3 3 . . . . . . . . . . . . . Machines | -11 -10 -10 -10 -8 -8 -6 -6 -6 -6 -5 -5 -5 -5 -5 -5 -4 -4 -4 -4 -3 -3 -3 -2 -2 -1 ---------- Run | Yrd Mat Min Sub Rec Scr Fac Low Low Zio Pro Fac Ext Cet Arc Hub Fac Upp Upp Zhi Pro Res Tes Res Qua Acc Machines Disabled 51 | . 1 . 2 . . 10 . . . 2 1 1 . . . 5 . 3 . 1 2 3 6 7 7 Max in Single Turn 5 | . 1 . 1 . . 3 . . . 1 1 . . . . 2 . 1 . 1 1 1 1 1 5 Machines Repaired . | . . . . . . . . . . . . . . . . . . . . . . . . . . Machines Dismantled . | . . . . . . . . . . . . . . . . . . . . . . . . . . Machines Sabotaged . | . . . . . . . . . . . . . . . . . . . . . . . . . . Overloaded Fab Kills 4 | . . . . . . 4 . . . . . . . . . . . . . . . . . . . Hacking | -11 -10 -10 -10 -8 -8 -6 -6 -6 -6 -5 -5 -5 -5 -5 -5 -4 -4 -4 -4 -3 -3 -3 -2 -2 -1 --------- Run | Yrd Mat Min Sub Rec Scr Fac Low Low Zio Pro Fac Ext Cet Arc Hub Fac Upp Upp Zhi Pro Res Tes Res Qua Acc Machines Accessed 118 | . 8 . 2 . 7 17 1 . . . 10 11 1 . . 12 1 1 6 . 10 5 12 9 5 Terminals 58 | . 8 . . . . 7 . . . . 4 10 1 . . 5 . . . . 5 3 5 7 3 Fabricators 10 | . . . . . . 4 . . . . 1 . . . . . . . . . 2 1 1 . 1 Repair Stations 5 | . . . . . . . . . . . . . . . . 2 . . . . 1 . 1 . 1 Recycling Units 19 | . . . . . . 4 . . . . 4 1 . . . 5 . . . . 1 . 4 . . Scanalyzers 8 | . . . . . . 2 . . . . 1 . . . . . . . . . 1 1 1 2 . Garrison Access . | . . . . . . . . . . . . . . . . . . . . . . . . . . Total Hacks 355 | . 25 . 6 . 33 35 5 . . . 22 21 2 . . 30 1 1 27 . 45 22 27 40 13 Successful 246 | . 16 . 6 . 33 13 5 . . . 15 16 . . . 22 1 1 27 . 36 10 18 26 1 Failed 108 | . 9 . . . . 21 . . . . 7 5 2 . . 8 . . . . 9 12 9 14 12 Catastrophic 17 | . 1 . . . . 4 . . . . 1 . 2 . . . . . . . 1 2 . 1 5 Database Lockouts 1 | . . . . . . 1 . . . . . . . . . . . . . . . . . . . Manual 121 | . 18 . . . . 13 . . . 1 11 6 1 . . 12 . . . . 12 8 10 24 5 Terminals 189 | . 25 . . . . 16 . . . . 12 20 2 . . 20 . . . . 25 16 12 34 7 Fabricators 23 | . . . . . . 7 . . . . 2 . . . . . . . . . 5 4 2 . 3 Repair Stations 17 | . . . . . . . . . . . . . . . . 4 . . . . 5 . 5 . 3 Recycling Units 29 | . . . . . . 7 . . . . 5 1 . . . 6 . . . . 4 . 6 . . Scanalyzers 24 | . . . . . . 5 . . . . 3 . . . . . . . . . 6 2 2 6 . Garrison Access . | . . . . . . . . . . . . . . . . . . . . . . . . . . Terminal Hacks 156 | . 9 . 6 . 33 2 5 . . . 4 13 . . . 10 1 1 27 . 18 7 6 14 . Record 60 | . . . 5 . 32 . 5 . . . . 1 . . . . . . 15 . 1 . . 1 . Part Schematic 11 | . 1 . . . . . . . . . . 1 . . . 1 . . 4 . 1 3 . . . Robot Analysis 11 | . 2 . . . . . . . . . . 1 . . . . . . 4 . 3 . . 1 . Prototype ID Bank 14 | . 3 . . . . . . . . . 2 1 . . . 1 . . 4 . 1 . . 2 . Open Door 11 | . . . . . . . . . . . 1 6 . . . . 1 1 . . . 1 1 . . Branch Access Points 5 | . . . . . . 1 . . . . . 1 . . . 1 . . . . 1 . 1 . . Emergency Access Points 2 | . . . . . . . . . . . . . . . . . . . . . 1 . . 1 . Machine Index 1 | . . . . . . . . . . . . . . . . . . . . . . . 1 . . Terminal Index 2 | . . . . . . . . . . . . . . . . . . . . . 1 . . 1 . Fabricator Index 1 | . . . . . . . . . . . . . . . . . . . . . 1 . . . . Recycling Unit Index 2 | . . . . . . . . . . . . 1 . . . . . . . . . . . 1 . Scanalyzer Index 1 | . . . . . . . . . . . . . . . . . . . . . . . . 1 . Garrison Index 1 | . . . . . . . . . . . . . . . . . . . . . 1 . . . . Alert Level 1 | . . . . . . . . . . . . . . . . . . . . . . . . 1 . Unreport Threat 6 | . . . . . . . . . . . . 1 . . . 1 . . . . 3 . . 1 . Locate Traps 6 | . 2 . . . . . . . . . 1 . . . . 1 . . . . 1 . . 1 . Security Status 1 | . . . . . . . . . . . . . . . . 1 . . . . . . . . . Investigation Status 1 | . . . . . . . . . . . . . . . . . . . . . . . 1 . . Recall Investigation 1 | . . . . . . . . . . . . . . . . . . . . . . 1 . . . Recall Extermination 1 | . . . . . . . . . . . . . . . . 1 . . . . . . . . . Recall Reinforcements 2 | . . . . . . . . . . . . . . . . . . . . . . 1 . 1 . Hauler Manifests 3 | . . . . . . 1 . . . . . . . . . 1 . . . . 1 . . . . Registered Components 3 | . . . . . . . . . . . . . . . . 1 . . . . 1 . 1 . . Zone Layout 6 | . 1 . . . . . . . . . . . . . . 1 . . . . 1 . 1 2 . Proto ID Catalog 2 | . . . 1 . 1 . . . . . . . . . . . . . . . . . . . . Protovariant Controls 1 | . . . . . . . . . . . . . . . . . . . . . . 1 . . . Fabricator Hacks 10 | . . . . . . 2 . . . . . . . . . . . . . . 4 2 1 . 1 Network Status 5 | . . . . . . 2 . . . . . . . . . . . . . . 2 1 . . . Load Schematic 3 | . . . . . . . . . . . . . . . . . . . . . 1 1 . . 1 Build 2 | . . . . . . . . . . . . . . . . . . . . . 1 . 1 . . Repair Station Hacks 8 | . . . . . . . . . . . . . . . . 3 . . . . 2 . 3 . . Scan Component 4 | . . . . . . . . . . . . . . . . 2 . . . . 1 . 1 . . Repair 3 | . . . . . . . . . . . . . . . . 1 . . . . 1 . 1 . . Refit 1 | . . . . . . . . . . . . . . . . . . . . . . . 1 . . Recycling Unit Hacks 3 | . . . . . . 1 . . . . . . . . . . . . . . 2 . . . . Process 1 | . . . . . . . . . . . . . . . . . . . . . 1 . . . . Retrieve Matter 1 | . . . . . . . . . . . . . . . . . . . . . 1 . . . . Retrieve Components 1 | . . . . . . 1 . . . . . . . . . . . . . . . . . . . Scanalyzer 17 | . . . . . . 1 . . . . 3 . . . . . . . . . 6 1 1 5 . Insert Component 6 | . . . . . . . . . . . . . . . . . . . . . 1 1 . 4 . Analyze 1 | . . . . . . . . . . . . . . . . . . . . . 1 . . . . Retrieve Study 10 | . . . . . . 1 . . . . 3 . . . . . . . . . 4 . 1 1 . Garrison Access Hacks . | . . . . . . . . . . . . . . . . . . . . . . . . . . Unauthorized Hacks 52 | . 7 . . . . 7 . . . . 8 3 . . . 9 . . . . 4 . 7 7 . Terminals 30 | . 7 . . . . 1 . . . . 4 2 . . . 4 . . . . 2 . 3 7 . Track 1 | . . . . . . . . . . . . . . . . . . . . . . . . 1 . Assimilate 5 | . . . . . . . . . . . 1 . . . . . . . . . . . 1 3 . Botnet 8 | . 1 . . . . 1 . . . . 1 . . . . 1 . . . . 1 . 1 2 . Disrupt 3 | . . . . . . . . . . . . 2 . . . 1 . . . . . . . . . Operators 5 | . 1 . . . . . . . . . 1 . . . . 1 . . . . . . 1 1 . Skim 8 | . 5 . . . . . . . . . 1 . . . . 1 . . . . 1 . . . . Fabricators 2 | . . . . . . 2 . . . . . . . . . . . . . . . . . . . Haulers 1 | . . . . . . 1 . . . . . . . . . . . . . . . . . . . Overload 1 | . . . . . . 1 . . . . . . . . . . . . . . . . . . . Repair Stations 1 | . . . . . . . . . . . . . . . . . . . . . 1 . . . . Mechanics 1 | . . . . . . . . . . . . . . . . . . . . . 1 . . . . Recycling Units 19 | . . . . . . 4 . . . . 4 1 . . . 5 . . . . 1 . 4 . . Fedlink 16 | . . . . . . 3 . . . . 4 1 . . . 5 . . . . . . 3 . . Scrapoids 3 | . . . . . . 1 . . . . . . . . . . . . . . 1 . 1 . . Scanalyzers . | . . . . . . . . . . . . . . . . . . . . . . . . . . Garrison Access . | . . . . . . . . . . . . . . . . . . . . . . . . . . Data Cores Recovered 1 | . 1 . . . . . . . . . . . . . . . . . . . . . . . . Used . | . . . . . . . . . . . . . . . . . . . . . . . . . . Hacking Detections 74 | . 7 . . . . 14 . . . . 7 4 1 . . 8 . . . . 9 4 8 7 5 Full Trace Events 6 | . . . . . . 1 . . . . . . 1 . . . . . . . 1 . 1 1 1 Feedback Events 1 | . . . . . . . . . . . . . . . . . . . . . . . 1 . . Hackware Fried 1 | . . . . . . . . . . . . . . . . . . . . . . . 1 . . Feedback Blocked 2 | . . . . . . . . . . . . . . . . . . . . . . . 2 . . Robot Schematics Acquired 3 | . . . . . . . . . 3 . . . . . . . . . . . . . . . . Robots Built . | . . . . . . . . . . . . . . . . . . . . . . . . . . Authchips . | . . . . . . . . . . . . . . . . . . . . . . . . . . Time . | . . . . . . . . . . . . . . . . . . . . . . . . . . Total Robot Build Rating . | . . . . . . . . . . . . . . . . . . . . . . . . . . Part Schematics Acquired 27 | . 1 . . . . . . . 15 . . 1 . . . 1 . . 4 . 2 3 . . . Parts Built 2 | . . . . . . . . . . . . . . . . . . . . . 1 . 1 . . Authchips . | . . . . . . . . . . . . . . . . . . . . . . . . . . Time 195 | . . . . . . . . . . . . . . . . . . . . . 84 . 111 . . Total Part Build Rating 15 | . . . . . . . . . . . . . . . . . . . . . 6 . 9 . . Part Studies Acquired 10 | . . . . . . 1 . . . . 3 . . . . . . . . . 4 . 1 1 . Parts Repaired 3 | . . . . . . . . . . . . . . . . 1 . . . . 1 . 1 . . Time 88 | . . . . . . . . . . . . . . . . 28 . . . . 36 . 24 . . Parts Recycled . | . . . . . . . . . . . . . . . . . . . . . . . . . . Recycled Matter . | . . . . . . . . . . . . . . . . . . . . . . . . . . Retrieved Matter . | . . . . . . . . . . . . . . . . . . . . . . . . . . Retrieved Components 10 | . . . . . . 10 . . . . . . . . . . . . . . . . . . . Parts Scanalyzed 1 | . . . . . . . . . . . . . . . . . . . . . 1 . . . . Part Schematics Acquired 1 | . . . . . . . . . . . . . . . . . . . . . 1 . . . . Parts Damaged . | . . . . . . . . . . . . . . . . . . . . . . . . . . Bothacking | -11 -10 -10 -10 -8 -8 -6 -6 -6 -6 -5 -5 -5 -5 -5 -5 -4 -4 -4 -4 -3 -3 -3 -2 -2 -1 ------------ Run | Yrd Mat Min Sub Rec Scr Fac Low Low Zio Pro Fac Ext Cet Arc Hub Fac Upp Upp Zhi Pro Res Tes Res Qua Acc Used RIF Installer . | . . . . . . . . . . . . . . . . . . . . . . . . . . Robots Hacked 15 | . . . . . 6 . . . . . . 1 . . . . . . . . 1 5 1 . 1 Non-combat 6 | . . . . . 1 . . . . . . . . . . . . . . . 1 3 1 . . Combat 5 | . . . . . 5 . . . . . . . . . . . . . . . . . . . . Robot Hacks Applied 12 | . . . . . 6 . . . . . . . . . . . . . . . 2 3 1 . . parse_system 7 | . . . . . 6 . . . . . . . . . . . . . . . 1 . . . . no_distress 4 | . . . . . . . . . . . . . . . . . . . . . 1 2 1 . . find_station 1 | . . . . . . . . . . . . . . . . . . . . . . 1 . . . Manual 4 | . . . . . . . . . . . . 1 . . . . . . . . . 2 . . 1 Relay Couplers Released . | . . . . . . . . . . . . . . . . . . . . . . . . . . Fabnet Peak Effective % . | . . . . . . . . . . . . . . . . . . . . . . . . . . Robots Rewired 15 | . . . . . . 1 . . . . . 14 . . . . . . . . . . . . . Allies Hacked 1 | . . . . . . . . . . . . . . . . . . . . . . . 1 . . Hacks Repelled . | . . . . . . . . . . . . . . . . . . . . . . . . . . Allies | -11 -10 -10 -10 -8 -8 -6 -6 -6 -6 -5 -5 -5 -5 -5 -5 -4 -4 -4 -4 -3 -3 -3 -2 -2 -1 -------- Run | Yrd Mat Min Sub Rec Scr Fac Low Low Zio Pro Fac Ext Cet Arc Hub Fac Upp Upp Zhi Pro Res Tes Res Qua Acc Total Allies 112 | . . . 11 . . 6 . 4 5 6 12 23 5 . . 11 4 2 . 5 11 . 5 1 1 Largest Group 19 | . . . 9 9 9 9 . 4 5 9 5 16 19 19 . 4 4 4 4 4 5 . 5 1 1 Highest-Rated Group 1032 | . . . 171 171 171 171 . 324 320 431 334 613 1032 1032 . 315 324 324 307 324 324 . 320 10 219 Highest-Rated Ally 219 | . . . 19 19 19 31 . 81 81 81 81 159 159 159 . 81 81 81 81 81 81 . 64 10 219 Total Orders 3 | . . . . . . 1 . . . . 1 . . . . 1 . . . . . . . . . DROP 1 | . . . . . . 1 . . . . . . . . . . . . . . . . . . . RETURN 2 | . . . . . . . . . . . 1 . . . . 1 . . . . . . . . . Ally Attacks 771 | . . . 30 1 . 80 . 18 . 69 64 132 39 3 . 69 4 21 . 36 149 . 32 . 24 Total Damage 24928 | . . . 515 20 . 1311 . 469 . 2844 2008 3090 1159 35 . 2933 69 839 . 1545 4672 . 1401 . 2018 Kills 179 | . . . 9 1 . 7 . 6 . 19 18 21 6 1 . 21 . 7 . 12 29 . 7 . 15 Allies Corrupted 2 | . . . . . . . . . . 2 . . . . . . . . . . . . . . . Allies Melted 2 | . . . . . . . . . . 1 . 1 . . . . . . . . . . . . . Intel | -11 -10 -10 -10 -8 -8 -6 -6 -6 -6 -5 -5 -5 -5 -5 -5 -4 -4 -4 -4 -3 -3 -3 -2 -2 -1 ------- Run | Yrd Mat Min Sub Rec Scr Fac Low Low Zio Pro Fac Ext Cet Arc Hub Fac Upp Upp Zhi Pro Res Tes Res Qua Acc Active Infowar (turns) 11587 | 59 1142 395 . . . 1550 . 344 1204 1385 856 770 268 80 64 725 349 313 112 . 288 . 580 677 426 Optics 1190 | . . . . . . . . . . . . . . . 23 725 349 93 . . . . . . . Sensors 1113 | . . . . . . . . . . . . . . . . . . . . . . . 10 677 426 IFF 1550 | . . . . . . 1550 . . . . . . . . . . . . . . . . . . . Terrain 394 | . . 394 . . . . . . . . . . . . . . . . . . . . . . . Traps 1 | . . . . . . . . 1 . . . . . . . . . . . . . . . . . Seismic 1824 | 59 1142 1 . . . . . . . . . . . . . . . 222 112 . 288 . . . . Decoding 4922 | . . . . . . . . 343 1204 1385 856 770 268 80 16 . . . . . . . . . . Machine Analysis 3991 | . . . . . . . . . . 789 856 770 268 80 64 725 349 90 . . . . . . . Cloaking 376 | . . . . . . . . . . . . . . . . . . . . . . . 376 . . ECM 297 | . . . . . . . . . . . . . . . . . . . . . . . 297 . . Robot Analysis Total 11 | . 2 . . . . . . . . . . 1 . . . . . . 4 . 3 . . 1 . Derelict Logs Recovered 16 | . . . 3 . 3 . 1 2 2 1 . . . . . . 2 2 . . . . . . . Drone Launches 2 | . . . . . . . . . . . 1 . . . . 1 . . . . . . . . . Drone Recoveries 2 | . . . . . . . . . . . 1 . . . . 1 . . . . . . . . . Decoded 0b10 Intel 21 | . . . . . . . . . . . 9 12 . . . . . . . . . . . . . Traps 15 | . . . . . . . . . . . 7 8 . . . . . . . . . . . . . Emergency Access 5 | . . . . . . . . . . . 2 3 . . . . . . . . . . . . . Exits 1 | . . . . . . . . . . . . 1 . . . . . . . . . . . . . Exploration | -11 -10 -10 -10 -8 -8 -6 -6 -6 -6 -5 -5 -5 -5 -5 -5 -4 -4 -4 -4 -3 -3 -3 -2 -2 -1 ------------- Run | Yrd Mat Min Sub Rec Scr Fac Low Low Zio Pro Fac Ext Cet Arc Hub Fac Upp Upp Zhi Pro Res Tes Res Qua Acc Turns Passed 26679 | 128 1241 603 3495 297 6653 2737 532 817 1204 1385 856 770 268 80 64 725 349 313 181 465 1134 311 694 677 700 Spaces Moved 18533 | 66 605 103 2033 99 2122 1461 601 334 987 999 1064 711 116 62 75 920 619 494 238 667 1365 403 905 759 725 Core 4 | 4 . . . . . . . . . . . . . . . . . . . . . . . . . Treads 5024 | 62 605 103 2033 99 2122 . . . . . . . . . . . . . . . . . . . . Legs 567 | . . . . . . 567 . . . . . . . . . . . . . . . . . . . Wheels 2815 | . . . . . . 579 . 110 987 999 140 . . . . . . . . . . . . . . Hover 10047 | . . . . . . 239 601 224 . . 924 711 116 62 75 920 619 494 238 667 1365 403 905 759 725 Flight 76 | . . . . . . 76 . . . . . . . . . . . . . . . . . . . Fastest Speed 38 | 50 160 160 160 160 240 45 45 115 115 115 48 48 48 48 48 43 53 53 40 40 40 45 45 41 38 Average Speed 117 | 154 160 160 160 286 310 134 74 232 115 115 59 49 48 48 51 51 53 53 60 60 47 52 48 61 64 Slowest Speed 320 | 160 160 160 160 320 320 270 290 290 115 115 115 52 48 48 52 108 53 101 90 90 102 110 126 136 124 Overloaded Moves . | . . . . . . . . . . . . . . . . . . . . . . . . . . Propulsion Burnouts . | . . . . . . . . . . . . . . . . . . . . . . . . . . Robots Hopped . | . . . . . . . . . . . . . . . . . . . . . . . . . . Potential Cave-ins 5 | . . . . . . . . . . . . . . . . . . . . . 2 . 2 1 . Cave-ins Triggered 1 | . . . . . . . . . . . . . . . 1 . . . . . . . . . . Teleports 1 | . . . . . . . . . . . . . . . . . . . . . 1 . . . . Exploration Rate (%) 56 | 3 97 34 95 21 91 37 75 56 83 93 25 85 48 74 13 23 86 62 62 81 38 70 34 63 28 Regions Visited 25 Branch Regions 18 Pre-discovered Areas 9 | . 1 . 1 . 1 . 1 . 2 . . . . . . . . . 3 . . . . . . Known Exits Taken 14 | . . 1 1 . 1 1 1 1 . 1 1 1 . . 1 1 . . . . 1 . 1 1 . Unknown Exits Taken 11 | 1 1 . . 1 . . . . 1 . . . 1 1 . . 1 1 1 1 . 1 . . . Scrap Searched 44 | . . . 14 . 5 . 1 11 4 2 . . . . . . 2 3 . 2 . . . . . Spaces Dug 149 | . . 7 8 . . 18 1 1 . . 22 3 . . 4 20 . 2 . 3 12 5 23 16 4 Terrain Destroyed 1213 | . 6 11 8 . . 195 7 1 . . 80 19 . . 5 113 1 2 . 26 211 13 51 18 446 Melee 92 | . . 7 8 . . 18 1 1 . . 22 3 . . 4 . . 2 . . . . 7 16 3 Projectile 109 | . . . . . . 5 1 . . . 2 15 . . 1 28 1 . . 6 18 5 18 2 7 AOE 1011 | . 6 4 . . . 172 5 . . . 56 . . . . 85 . . . 20 193 8 26 . 436 Terrain Rammed . | . . . . . . . . . . . . . . . . . . . . . . . . . . Walls Destroyed . | . . . . . . . . . . . . . . . . . . . . . . . . . . Machines Disabled . | . . . . . . . . . . . . . . . . . . . . . . . . . . Actions | -11 -10 -10 -10 -8 -8 -6 -6 -6 -6 -5 -5 -5 -5 -5 -5 -4 -4 -4 -4 -3 -3 -3 -2 -2 -1 --------- Run | Yrd Mat Min Sub Rec Scr Fac Low Low Zio Pro Fac Ext Cet Arc Hub Fac Upp Upp Zhi Pro Res Tes Res Qua Acc Total 22066 | 83 818 509 2157 114 2187 1906 655 366 1051 1209 1186 1041 306 111 84 1082 636 533 273 704 1745 479 1059 896 876 Wait 1803 | . 156 385 2 7 17 116 1 7 52 175 29 214 170 50 . 64 9 21 . 8 195 12 40 31 42 Move 18507 | 65 604 102 2032 98 2121 1460 600 333 986 998 1063 710 115 61 74 919 618 493 237 666 1364 402 904 758 724 Hop . | . . . . . . . . . . . . . . . . . . . . . . . . . . Pick Up 153 | 7 10 1 15 4 18 20 5 3 3 2 8 2 1 . . 2 1 2 3 1 20 5 7 8 5 Fast Attach 189 | 7 1 . 6 . 5 26 5 10 . 5 13 1 4 . 1 8 2 3 10 1 23 8 23 20 7 Attach 79 | . 1 1 2 . 3 23 2 . 1 2 . 1 . . 1 1 1 . 2 1 12 5 5 5 10 Detach 28 | . . . 1 2 2 3 1 1 . . . . . . . 2 . . 2 . 5 2 2 . 5 Swap 143 | . 5 3 5 2 1 26 4 1 4 1 10 3 1 . 1 17 1 1 2 5 23 . 13 5 9 Drop 233 | 1 9 . 23 1 14 28 10 7 3 8 15 1 4 . . 11 2 4 14 1 29 14 7 14 13 Fire 550 | 3 32 6 7 . . 104 23 3 . 6 14 30 11 . 3 58 2 4 . 18 74 31 39 29 53 Melee 311 | . . 11 64 . 6 98 4 1 2 8 34 15 . . 4 . . 5 3 3 . . 19 26 8 Ram . | . . . . . . . . . . . . . . . . . . . . . . . . . . Kick . | . . . . . . . . . . . . . . . . . . . . . . . . . . Crush . | . . . . . . . . . . . . . . . . . . . . . . . . . . Escape Stasis 11 | . . . . . . . . . . . . 11 . . . . . . . . . . . . . Rewire 57 | . . . . . . . . . . 4 . 53 . . . . . . . . . . . . . Trap 2 | . . . . . . 2 . . . . . . . . . . . . . . . . . . . Miscellaneous . | . . . . . . . . . . . . . . . . . . . . . . . . . . Route ------- -11/Scrapyard -10/Materials (discovered 5 exits: *Mat x3 / [*Min x2]) -10/Mines (discovered 3 exits: Mat x2 / *Sub) -10/Subcaves (discovered 3 exits: [*Mat x2] / *Rec) -8/Recycling (discovered 2 exits: Fac / *Scr) -8/Scraptown (discovered 2 exits: *Fac x2) -6/Factory (discovered 4 exits: *Fac x2 / *Low x2) -6/Lower Caves -6/Lower Caves (discovered 2 exits: *Fac / *Zio) -6/Zion -5/Proximity Caves -5/Factory (discovered 5 exits: *Fac x3 / Upp / *Ext) -5/Extension (discovered 3 exits: *Fac x2 / *Cet) -5/Cetus -5/Archives -5/Hub_04(d) -4/Factory (discovered 2 exits: *Upp x2) -4/Upper Caves -4/Upper Caves (discovered 2 exits: *Res / *Zhi) -4/Zhirov -3/Proximity Caves -3/Research (discovered 4 exits: *Res / *Arm / *Tes x2) -3/Testing -2/Research (discovered 2 exits: *Qua x2) -2/Quarantine -1/Access To Epsilon Eridani History --------- Turn | Location | Event 19 | -11/Scrapyard | Discovered new exit (range 16) 129 | -11/Scrapyard | Entered Materials 301 | -10/Materials | Build established: Mutant 362 | -10/Materials | Discovered new exit (range 15) 632 | -10/Materials | Discovered new exit (range 11) 761 | -10/Materials | Discovered new exit (range 17) 761 | -10/Materials | Discovered new exit (range 20) 1027 | -10/Materials | Discovered new exit (range 7) 1128 | -10/Materials | Learned location of 2 exits from Mines 1181 | -10/Materials | Learned 2 Storage zone layouts 1259 | -10/Materials | Learned location of 2 exits from Mines 1281 | -10/Materials | Learned location of 1 exit from Recycling 1292 | -10/Materials | Learned 4 Recycling zone layouts 1313 | -10/Materials | Learned 4 Subcaves zone layouts 1346 | -10/Materials | Identified exit to Materials 1370 | -10/Materials | Entered Mines 1371 | -10/Mines | Identified exit to Subcaves 1399 | -10/Mines | Assembled infested the area 1973 | -10/Mines | Entered Subcaves 1974 | -10/Subcaves | Identified exit to Recycling 2085 | -10/Subcaves | Visited triangular shrine 2096 | -10/Subcaves | Found Prototype Device 2096 | -10/Subcaves | Identified V3-11A's Pendant 2101 | -10/Subcaves | Befriended Subdweller 2200 | -10/Subcaves | Disturbed a concealed Subdweller 2201 | -10/Subcaves | Befriended Subdweller 2420 | -10/Subcaves | Learned Materials stockpile data 2484 | -10/Subcaves | Visited 4L-MR0's lab 2508 | -10/Subcaves | Found Arachnoskeleton 2708 | -10/Subcaves | Shifting Twisted Machinery released Battle Rifle 2721 | -10/Subcaves | Befriended Subdweller 2746 | -10/Subcaves | Befriended Subdweller 2853 | -10/Subcaves | A Subdweller sparked back to life 2853 | -10/Subcaves | A Subdweller sparked back to life 2856 | -10/Subcaves | Befriended Subdweller 2860 | -10/Subcaves | Found Rainbow Chip 2885 | -10/Subcaves | Discovered new exit (range 12) 2891 | -10/Subcaves | Learned location of Zion (-6) 2891 | -10/Subcaves | Met a Zionite searching for "candidates" 2907 | -10/Subcaves | Learned Materials stockpile data 2960 | -10/Subcaves | Visited Clippyterm 2965 | -10/Subcaves | Learned Factory fabricator intel 2965 | -10/Subcaves | Learned 40 Factory zone layouts 3078 | -10/Subcaves | Disturbed a concealed Subdweller 3081 | -10/Subcaves | Befriended Subdweller 3227 | -10/Subcaves | A swath of the cavern ceiling suddenly collapsed 3421 | -10/Subcaves | Befriended Subdweller 3421 | -10/Subcaves | Befriended Subdweller 3993 | -10/Subcaves | Learned Materials stockpile data 4007 | -10/Subcaves | Discovered new exit (range 16) 4109 | -10/Subcaves | Shifting Twisted Machinery released Sub. Laser 4550 | -10/Subcaves | Shifting Twisted Machinery released Sub. Machine Gun 4606 | -10/Subcaves | Shifting Twisted Machinery released Scrap Shield 4783 | -10/Subcaves | Shifting Twisted Machinery released Mak. Light Armor Plating 5071 | -10/Subcaves | Befriended Subdweller 5204 | -10/Subcaves | Ambushed by Subdwellers from Twisted Machinery 5206 | -10/Subcaves | Befriended Subdweller 5206 | -10/Subcaves | Befriended Subdweller 5468 | -10/Subcaves | Entered Recycling 5468 | -8/Recycling | Accompanied by 9 allies 5469 | -8/Recycling | Identified exit to Factory 5699 | -8/Recycling | Scanned before Scraplab entrance 5736 | -8/Recycling | Entered Scraplab 5756 | -8/Recycling | Discovered new exit (range 2) 5765 | -8/Recycling | Entered Scraptown 5765 | -8/Scraptown | Accompanied by 9 allies 5765 | -8/Scraptown | System corruption cleaned by C-Scrubber 5937 | -8/Scraptown | Delivered V3-11A's Pendant to T0-NE2 in exchange for information 6002 | -8/Scraptown | Learned location of Extension (-5) 6258 | -8/Scraptown | Scanned Subdweller tech in exchange for log data 6271 | -8/Scraptown | Learned Research stockpile data 6276 | -8/Scraptown | Learned location of 2 exits from Lower Caves 6279 | -8/Scraptown | Learned Factory emergency access door positions 6545 | -8/Scraptown | Discovered exit to Factory (range 11) 7522 | -8/Scraptown | Visited UFD Registry 7522 | -8/Scraptown | Registered with UFD as "Flakback" 7548 | -8/Scraptown | Visited Cave Peace 7669 | -8/Scraptown | Visited Observation Area 7817 | -8/Scraptown | Visited Shadow of the Wyrm 7909 | -8/Scraptown | Visited Cyclists 7961 | -8/Scraptown | Entered Cyclist Reading Room 8185 | -8/Scraptown | Visited Awakened 8243 | -8/Scraptown | Visited Symbiants 8579 | -8/Scraptown | Visited Science Guys 8716 | -8/Scraptown | Visited LU-1G1's Boring Crew 8866 | -8/Scraptown | Visited Scrap Suit Storage 8988 | -8/Scraptown | Visited Chapter 10 9061 | -8/Scraptown | Visited Research Penetration Think Tank 9148 | -8/Scraptown | Visited Supply Room 9266 | -8/Scraptown | Visited Curators Association 9423 | -8/Scraptown | Delivered Scrap Shield to a Scientist 9734 | -8/Scraptown | Visited Junk Repository 9885 | -8/Scraptown | Visited Scrapoid Pod Storage 9901 | -8/Scraptown | Found Scrapoid Pod 9956 | -8/Scraptown | Visited Abandonware Association 9991 | -8/Scraptown | Learned abandonware demo "TRNCOAT.EXE" 9991 | -8/Scraptown | Learned abandonware demo "REBOOT5.EXE" 11513 | -8/Scraptown | Found Scrap Suit 12390 | -8/Scraptown | Discovered exit to Factory (range 5) 12418 | -8/Scraptown | Entered Factory 12418 | -6/Factory | Accompanied by 9 allies 12418 | -6/Factory | Evolved 8 slots: Propulsion x2, Utility x6 12419 | -6/Factory | Identified exit to Factory 12421 | -6/Factory | Loaded intel: 6 fabricator locations 12517 | -6/Factory | Loaded intel: 8 recycling unit locations 12541 | -6/Factory | Garrison activated, responded to threat 12660 | -6/Factory | Lost 3 allies 13088 | -6/Factory | Central database locked down 13248 | -6/Factory | Lost 8 parts (1p3n3u1w) 13678 | -6/Factory | Discovered exit to Factory (range 9) 13847 | -6/Factory | Cargo convoy interrupted 13932 | -6/Factory | Attached Arachnoskeleton, gained temporary slots: Propulsion x3 14152 | -6/Factory | System corruption reached 10% 14174 | -6/Factory | Lost 3 parts (1p2u) 14187 | -6/Factory | Scrapoids reinforcements arrived? 14221 | -6/Factory | Lost 3 parts (2n1u) 14381 | -6/Factory | Attached Rainbow Chip, gained temporary slots: Power, Propulsion, Utility, Weapon 14381 | -6/Factory | Found Prototype Launcher 14384 | -6/Factory | Identified Rocket Array 14482 | -6/Factory | Core integrity fell below 50% 14629 | -6/Factory | Found Rocket Array 14970 | -6/Factory | Destroyed 7 combat bots 15020 | -6/Factory | Build established: Scavenger-Mutant 15022 | -6/Factory | Lost 5 parts (2n2u1w) 15049 | -6/Factory | Identified exit to Lower Caves 15155 | -6/Factory | Entered Lower Caves 15156 | -6/Lower Caves | Identified exit to Lower Caves 15157 | -6/Lower Caves | UFD Scientist delivered a prototype 15158 | -6/Lower Caves | Found Prototype Protection 15158 | -6/Lower Caves | Identified Enh. Scrap Shield 15208 | -6/Lower Caves | Attracted the attention of an 0b10 checkpoint 15311 | -6/Lower Caves | Learned Research emergency access door positions 15311 | -6/Lower Caves | Learned Extension stockpile data 15320 | -6/Lower Caves | Learned Factory non-interactive machine intel 15510 | -6/Lower Caves | Lost 5 parts (3n2u) 15687 | -6/Lower Caves | Entered another Lower Caves area 15689 | -6/Lower Caves | Identified exit to Zion 15758 | -6/Lower Caves | Learned Factory garrison access intel 15764 | -6/Lower Caves | Prototype Device suddenly appears! 15767 | -6/Lower Caves | Build established: Mutant 15782 | -6/Lower Caves | Found Prototype Device 15782 | -6/Lower Caves | Identified Amulet of Y3-NDR 15940 | -6/Lower Caves | Joined by bewildered Wizard 15942 | -6/Lower Caves | Joined by bewildered Wizard 15993 | -6/Lower Caves | Joined by bewildered Wizard 15995 | -6/Lower Caves | Joined by bewildered Wizard 16301 | -6/Lower Caves | Learned Factory garrison access intel 16359 | -6/Lower Caves | Found DCF Scrap (15 items) 16439 | -6/Lower Caves | Build established: Derelict-Mutant 16504 | -6/Lower Caves | Entered Zion 16504 | -6/Zion | Accompanied by 4 allies 16532 | -6/Zion | Learned location of 1 exit from Factory 16551 | -6/Zion | System corruption cleaned by Quarantine Array 16672 | -6/Zion | Discovered new exit (range 16) 16779 | -6/Zion | Learned location of Warlord (-5) 16810 | -6/Zion | Learned location of Quarantine (-2) 16843 | -6/Zion | Given the Hacking Drone Bay 16844 | -6/Zion | Found Prototype Device 16854 | -6/Zion | Identified Hacking Drone Bay 17137 | -6/Zion | Learned 12 Factory zone layouts 17166 | -6/Zion | Given A8's code to call for help 17192 | -6/Zion | Found Prototype Special Weapon 17392 | -6/Zion | Turned away by Imprinter 17449 | -6/Zion | Gained Derelict followers 17589 | -6/Zion | Identified RU-N14's Throwing Claymores 17593 | -6/Zion | Found CR-A16's Pointy Stick 17708 | -6/Zion | Entered Proximity Caves 17708 | -5/Proximity Caves | Accompanied by 5 allies 17835 | -5/Proximity Caves | Joined by bewildered Wizard 17843 | -5/Proximity Caves | Joined by bewildered Wizard 17851 | -5/Proximity Caves | Joined by bewildered Wizard 17897 | -5/Proximity Caves | Joined by bewildered Wizard 18290 | -5/Proximity Caves | Received a Behemoth hack from an annoying Tinkerer 18321 | -5/Proximity Caves | Joined by bewildered Wizard 18321 | -5/Proximity Caves | Joined by bewildered Wizard 18342 | -5/Proximity Caves | Lost 5 allies 18491 | -5/Proximity Caves | Acquired the password to a Derelict Tinkerer's latest research 18741 | -5/Proximity Caves | Attracted the attention of an 0b10 outpost 18798 | -5/Proximity Caves | Caught by Unaware searching for contraband prototypes 18899 | -5/Proximity Caves | Learned 8 Factory zone layouts 19093 | -5/Proximity Caves | Entered Factory 19093 | -5/Factory | Accompanied by 2 allies 19093 | -5/Factory | Evolved 2 slots: Propulsion x1, Utility x1 19094 | -5/Factory | Identified exit to Factory 19096 | -5/Factory | Identified exit to Extension 19096 | -5/Factory | Identified exit to Upper Caves 19097 | -5/Factory | Loaded intel: 298 non-interactive machine locations 19098 | -5/Factory | Loaded intel: 4 garrison access locations 19116 | -5/Factory | Joined by bewildered Wizard 19117 | -5/Factory | Joined by bewildered Wizard 19205 | -5/Factory | Loaded intel: 8 recycling unit locations 19494 | -5/Factory | Garrison activated, responded to threat 19524 | -5/Factory | Joined by bewildered Wizard 19540 | -5/Factory | Joined by bewildered Wizard 19540 | -5/Factory | Joined by bewildered Wizard 19544 | -5/Factory | Joined by bewildered Wizard 19555 | -5/Factory | Lost 3 allies 19638 | -5/Factory | Joined by bewildered Wizard 19642 | -5/Factory | Joined by bewildered Wizard 19949 | -5/Factory | Entered Extension 19971 | -5/Extension | Rescued A7 20072 | -5/Extension | Build established: Scavenger-Mutant 20087 | -5/Extension | Rescued a captive Derelict 20087 | -5/Extension | Rescued a captive Derelict 20088 | -5/Extension | Identified exit to Cetus 20156 | -5/Extension | Loaded intel: 1 recycling unit location 20384 | -5/Extension | Warlord forces began an assault 20437 | -5/Extension | Build established: Commander-Mutant 20438 | -5/Extension | Spotted B-75 Beast 20447 | -5/Extension | Befriended a Behemoth using the annoying Tinkerer's hack 20449 | -5/Extension | Spotted B-75 Beast 20468 | -5/Extension | Allies destroyed B-75 Beast 20505 | -5/Extension | Rescued a captive Derelict 20507 | -5/Extension | Rescued a captive Derelict 20517 | -5/Extension | Rescued a captive Derelict 20518 | -5/Extension | Rescued a captive Derelict 20615 | -5/Extension | Rescued a captive Derelict 20617 | -5/Extension | Rescued a captive Derelict 20645 | -5/Extension | Rescued a captive Derelict 20656 | -5/Extension | Discovered exit to Factory (range 10) 20719 | -5/Extension | Entered Cetus 20719 | -5/Cetus | Accompanied by 16 allies (A7) 20724 | -5/Cetus | Acquired a Cetus Manufacturing Module code from A7 20726 | -5/Cetus | Spotted Cetus Guard 20727 | -5/Cetus | Spotted Cetus Guard 20731 | -5/Cetus | Spotted Cetus Guard 20737 | -5/Cetus | Destroyed Cetus Guard 20741 | -5/Cetus | Allies destroyed Cetus Guard 20743 | -5/Cetus | Spotted Cetus Guard 20751 | -5/Cetus | Allies destroyed Cetus Guard 20753 | -5/Cetus | Allies destroyed Cetus Guard 20783 | -5/Cetus | Started Cetus Manufacturing Module 20808 | -5/Cetus | Manufactured an Enhanced Grunt 20833 | -5/Cetus | Manufactured an Enhanced Grunt 20858 | -5/Cetus | Manufactured an Enhanced Grunt 20883 | -5/Cetus | Manufactured an Enhanced Grunt 20908 | -5/Cetus | Manufactured an Enhanced Grunt 20934 | -5/Cetus | Discovered new exit (range 15) 20987 | -5/Cetus | Entered Archives 20987 | -5/Archives | Accompanied by 19 allies (A7) 20996 | -5/Archives | Met Zhirov 21002 | -5/Archives | Reinforcements dispatched to Archives 21002 | -5/Archives | Discovered new exit (range 14) 21047 | -5/Archives | Reinforcements dispatched to Archives 21067 | -5/Archives | Zhirov detonated Archives 21067 | -5/Archives | Entered Hub_04(d) 21082 | -5/Hub_04(d) | Crushed by falling debris 21082 | -5/Hub_04(d) | System corruption reached 10% 21098 | -5/Hub_04(d) | Lost 18 allies 21113 | -5/Hub_04(d) | Lost 3 parts (1n1u1w) 21123 | -5/Hub_04(d) | Discovered exit to Factory (range 9) 21131 | -5/Hub_04(d) | Entered Factory 21131 | -4/Factory | Evolved 2 slots: Utility x2 21132 | -4/Factory | Loaded intel: 4 garrison access locations 21190 | -4/Factory | Loaded intel: 8 recycling unit locations 21264 | -4/Factory | Joined by bewildered Wizard 21265 | -4/Factory | Joined by bewildered Wizard 21268 | -4/Factory | Joined by bewildered Wizard 21286 | -4/Factory | Repaired Antigrav System+ 21293 | -4/Factory | Joined by bewildered Wizard 21295 | -4/Factory | Joined by bewildered Wizard 21299 | -4/Factory | Identified exit to Upper Caves 21340 | -4/Factory | Lost 3 allies 21362 | -4/Factory | Build established: Scavenger-Mutant 21453 | -4/Factory | Joined by bewildered Wizard 21454 | -4/Factory | Joined by bewildered Wizard 21458 | -4/Factory | Found Imp. Powered Armor 21495 | -4/Factory | Garrison activated, responded to threat 21556 | -4/Factory | Destroyed 8 combat bots 21603 | -4/Factory | Joined by bewildered Wizard 21631 | -4/Factory | First assault squad dispatched 21634 | -4/Factory | Joined by bewildered Wizard 21738 | -4/Factory | Joined by bewildered Wizard 21856 | -4/Factory | Entered Upper Caves 21893 | -4/Upper Caves | Joined by bewildered Wizard 21894 | -4/Upper Caves | Joined by bewildered Wizard 21898 | -4/Upper Caves | Joined by bewildered Wizard 21937 | -4/Upper Caves | Learned 4 Research zone layouts 22002 | -4/Upper Caves | Encountered a Warlord checkpoint 22016 | -4/Upper Caves | Learned 4 Research zone layouts 22048 | -4/Upper Caves | Joined by bewildered Wizard 22073 | -4/Upper Caves | Attracted the attention of an 0b10 checkpoint 22089 | -4/Upper Caves | Discovered new exit (range 8) 22205 | -4/Upper Caves | Entered another Upper Caves area 22205 | -4/Upper Caves | Accompanied by 4 allies 22205 | -4/Upper Caves | Discovered new exit (range 7) 22250 | -4/Upper Caves | Attracted the attention of an 0b10 base 22362 | -4/Upper Caves | Joined by bewildered Wizard 22363 | -4/Upper Caves | Joined by bewildered Wizard 22372 | -4/Upper Caves | Learned Research non-interactive machine intel 22376 | -4/Upper Caves | Build established: Hacker-Mutant 22385 | -4/Upper Caves | Encountered a Warlord checkpoint 22396 | -4/Upper Caves | Discovered new exit (range 12) 22518 | -4/Upper Caves | Entered Zhirov 22518 | -4/Zhirov | Accompanied by 4 allies 22518 | -4/Zhirov | Discovered new exit (range 3) 22541 | -4/Zhirov | Learned location of Testing (-3) 22541 | -4/Zhirov | Learned location of Command (-1) 22567 | -4/Zhirov | Found Alien Artifact 22567 | -4/Zhirov | Identified Integrated Reactor 22567 | -4/Zhirov | Installed Integrated Reactor, increased core energy generation (+10) 22658 | -4/Zhirov | Found Alien Artifact 22699 | -4/Zhirov | Entered Proximity Caves 22699 | -3/Proximity Caves | Accompanied by 4 allies 22825 | -3/Proximity Caves | Attracted the attention of an 0b10 base 22827 | -3/Proximity Caves | Joined by bewildered Wizard 22882 | -3/Proximity Caves | Lost 4 allies 22910 | -3/Proximity Caves | Joined by bewildered Wizard 22910 | -3/Proximity Caves | Joined by bewildered Wizard 22910 | -3/Proximity Caves | Joined by bewildered Wizard 22935 | -3/Proximity Caves | Joined by bewildered Wizard 23040 | -3/Proximity Caves | Spotted B-86 Titan 23151 | -3/Proximity Caves | Discovered new exit (range 5) 23164 | -3/Proximity Caves | Entered Research 23164 | -3/Research | Accompanied by 4 allies 23164 | -3/Research | Evolved 2 slots: Utility x2 23165 | -3/Research | Identified exit to Armory 23168 | -3/Research | Loaded intel: 56 non-interactive machine locations 23229 | -3/Research | Repaired Centrium Medium Armor Plating 23400 | -3/Research | Joined by bewildered Wizard 23535 | -3/Research | Joined by bewildered Wizard 23557 | -3/Research | Identified exit to Testing 23607 | -3/Research | Discovered new exit (range 16) 23637 | -3/Research | Destroyed 10 combat bots 23646 | -3/Research | Identified Transdimensional Reconstructor 23646 | -3/Research | Warped through subspace 23657 | -3/Research | Joined by bewildered Wizard 23657 | -3/Research | Joined by bewildered Wizard 23664 | -3/Research | First assault squad dispatched 23664 | -3/Research | Lost 4 parts (1n2u1w) 23670 | -3/Research | Found Launcher Loader 23693 | -3/Research | Fabricated Exp. Heat Sink? 23821 | -3/Research | Scrapoids reinforcements arrived? 23959 | -3/Research | Lost 3 allies 23975 | -3/Research | Destroyed 8 combat bots 24001 | -3/Research | Lost 8 parts (3n3u2w) 24104 | -3/Research | System corruption reached 10% 24230 | -3/Research | Spotted B-86 Titan 24295 | -3/Research | Cargo convoy interrupted 24296 | -3/Research | Spotted Striker 24297 | -3/Research | Core integrity fell below 50% 24298 | -3/Research | Entered Testing 24318 | -3/Testing | Found Prototype Protection 24321 | -3/Testing | Found Med. Regenerative Plating 24324 | -3/Testing | Found Lgt. Regenerative Plating 24352 | -3/Testing | Found Prototype Energy Cannon 24370 | -3/Testing | Found Prototype Processor 24370 | -3/Testing | Identified Exp. Melee Analysis Suite 24409 | -3/Testing | Identified SHELL Armor 24437 | -3/Testing | Found Prototype Launcher 24539 | -3/Testing | Identified Imp. Potential Cannon 24580 | -3/Testing | Lost 6 parts (3n1u2w) 24581 | -3/Testing | Protovariant out of control (PL-679L7HRN9E) 24581 | -3/Testing | Unleashed a protovariant (PL-679L7HRN9E) 24592 | -3/Testing | Spotted PL-679L7HRN9E 24593 | -3/Testing | Discovered new exit (range 11) 24609 | -3/Testing | Entered Research 24609 | -2/Research | Evolved 2 slots: Power x1, Propulsion x1 24610 | -2/Research | Identified exit to Quarantine 24708 | -2/Research | Spotted B-90 Cyclops 24759 | -2/Research | Fabricated Enh. Gamma Bomb Array (x1) 24834 | -2/Research | Adv. Hacking Suite fried by hacking feedback 24899 | -2/Research | Loaded intel: 5 recycling unit locations 25069 | -2/Research | Lost 5 parts (1p1n2u1w) 25106 | -2/Research | Scrapoids reinforcements arrived? 25189 | -2/Research | Repaired Enh. Hardcell Cannon? 25213 | -2/Research | Spotted B-90 Cyclops 25303 | -2/Research | Entered Quarantine 25304 | -2/Quarantine | Lost 8 parts (2p2n2u2w) 25310 | -2/Quarantine | Found Alien Artifact 25527 | -2/Quarantine | Found Alien Artifact 25569 | -2/Quarantine | Found Alien Artifact 25619 | -2/Quarantine | Identified Phase Redirector 25619 | -2/Quarantine | Identified Phase Armor 25619 | -2/Quarantine | Identified Subatomic Replicator 25822 | -2/Quarantine | Found Prototype Processor 25822 | -2/Quarantine | Identified Exp. Core Analyzer 25912 | -2/Quarantine | Found Alien Reactor 25912 | -2/Quarantine | Identified Matter Drive 25933 | -2/Quarantine | Spotted Alpha 7 25944 | -2/Quarantine | Found Alien Launcher 25953 | -2/Quarantine | Identified Sigix Terminator 25954 | -2/Quarantine | Discovered new exit (range 4) 25964 | -2/Quarantine | Found Alien Artifact 25964 | -2/Quarantine | Identified Terrabomb 25964 | -2/Quarantine | Used Terrabomb 25971 | -2/Quarantine | Used Subatomic Replicator to replicate Terrabomb 25973 | -2/Quarantine | Found Terrabomb 25979 | -2/Quarantine | Identified exit to Access 25980 | -2/Quarantine | Entered Access 25980 | -1/Access | Evolved 2 slots: Propulsion x1, Weapon x1 26096 | -1/Access | Spotted B-99 Colossus 26119 | -1/Access | Befriended a Behemoth using the annoying Tinkerer's hack 26225 | -1/Access | Garrison activated, responded to threat 26437 | -1/Access | Lost 4 parts (4u) 26529 | -1/Access | Destroyed 12 combat bots 26575 | -1/Access | Lost 7 parts (2p2n2u1w) 26605 | -1/Access | Fired Sigix Terminator 26624 | -1/Access | Core integrity fell below 50% 26639 | -1/Access | Lost 7 parts (1p3n2u1w) 26665 | -1/Access | Used Terrabomb 26675 | -1/Access | Discovered new exit (range 5) 26679 | -1/Access | Identified exit to Surface 26680 | *** | Escaped! Last Messages --------------- 26607_ Dropped Phase Armor. 26608_ Med. Storage Unit destroyed. 26608_ K-01 Serf collects debris. 26608_ Acquired 86 matter. 26611_ Slug penetrates Wall. 26611_ P-80 Master resets K-01 Serf, system corruption cleaned. 26612_ K-01 Serf collects debris. 26613_ K-01 Serf destroyed. 26618_ The unstable cave ceiling collapses. 26621_ K-01 Serf collects debris. 26637_ The unstable cave ceiling collapses. 26637_ K-01 Serf collects debris. 26662_ K-01 Serf cleans the Terminal. 26665_ Terrabomb activated. 26665_ Terminal disabled. 26665_ Adv. Targeting Computer destroyed. 26668_ K-01 Serf collects debris. 26675_ Main Access Shell breached. 26675_ EXIT=FOUND 26679_ EXIT=IDENTIFIED: SURFACE Map ----- +----------------------------------------------------+ | """ " "#???????????????????????????? | | """ " " ?????# ????????????????????? | | " " #??????# ? ???????????? | | " """""""""""""#??????# """""""????????????? | | " " #??????# """"""????????????? | | " " #???????# ????????????? | | " " #???????# ????????????? | | " " ##???????# ?????????????? | | " #?????????? ?????????????? | | " #??????????? ?????????????? | | # " ##????????????? ?????????????? | | """"""""""#################+######????????? | | #????????? | | " #????????? | | " """"##################""""""""" #????????? | | " " ###??????????????? " " ???????? | | " ###????????????????? " " ?????? | | " #??????????????????? " " ?????? | | ### #??????????????????? " " "????? | | ??# ???????????????????? """ " " "????? | | ??# ????????????????????""""""""""" " " ???? | | ??# ???????????????????? " " " ???? | | ??# ???????????????????? " " " ??? | | ??# ???????????????"""""" " " " ??? | | ?? ???????????????" " " " "" ??? | | ?? ???????????????" "@ " " " " "?? | | ????? ????????????????" "" " " " " "?? | | ??????????????????????" " " " " "?? | | ????????????????????" """" " " " " "?? | | ????????????????????" "" """ " " "?? | | ??????????????????""" """ T""" " " "?? | | ?????????????""""""""""""";;;""""""""" " " "?? | | ????????????? """ " " " "?? | | ????????????? """""";;;;"""""""" """"""+??? | | ?????????????? " " " ??? | | ????????????? " !!!" " ??? | | ?????????????? " !!!" + ???? | | ?????????????? " !!!" " ??? | | ??????????????? " " " ???? | | ??????????????? " " " ???? | | ????????????????""""" " " ????? | | ????????????????? " " " ????? | | ?????????????????? " " " ?????? | | ??????????????????? """""""""+"""""""" " ??????? | | ????????????????????? " """"""" "????????? | | ??????????????????????? " " ??????????? | | ??????????????????????????" ? ?????????????? | | ????????????????????????????? """???????????????? | | ?????????????????????????????????????????????????? | | ?????????????????????????????????????????????????? | +----------------------------------------------------+ Best States ------------- Heat Dissipation 90 Energy Generation 59 Energy Capacity 1100 Matter Stores 300 Matter Capacity 300 Sight Range 18 Robot Scan Range 16 Terrain Scan Range 16 Terrain Scan Density 10 ECM Strength 1 Cloak Strength 3 Power Amplification 30 Corruption Containment 16 Corruption Block 20 Armor Coverage 1125 Resistance: KI 30 Power Shielding 66 Propulsion Shielding 90 Evasion (%) 62 Targeting Accuracy 28 Target Analysis 12 Core Analysis 6 Recoil Reduction 3 Particle Charging 20 Salvage Targeting 6 Offensive Hacking 56 Defensive Hacking 14 Trap Extractor Capacity 6 Item Schematics ----------------- Hcp. Storage Unit | -10/Materials | Hacked Adv. Sensor Array | -6/Zion | Archive Neutrino Core | -6/Zion | Archive Hvy. Plasma Cannon | -6/Zion | Archive Adv. Trap Extractor | -6/Zion | Archive IFF Parser | -6/Zion | Archive Variable Charge Gun | -6/Zion | Archive Coil Gun | -6/Zion | Archive Imp. Point Defense System | -6/Zion | Archive Imp. Force Field | -6/Zion | Archive Drone Bay | -6/Zion | Archive Hvy. Phase Cannon | -6/Zion | Archive Tiamat Missile Launcher | -6/Zion | Archive Adv. Cooling System | -6/Zion | Archive Remote Shield | -6/Zion | Archive Flexi-carbon Leg | -6/Zion | Archive Adv. Remote Datajack | -5/Extension | Hacked Lgt. Quantum Reactor | -4/Factory | Hacked Assault Drone Bay | -4/Zhirov | Free Exp. Heat Sink | -4/Zhirov | Free Exp. Optical Array | -4/Zhirov | Free Imp. Arc Thrower | -4/Zhirov | Free Lgt. Particle Reactor | -3/Research | Hacked Centrium Medium Armor Plating | -3/Research | Scanalyzed Lgt. Regenerative Plating | -3/Testing | Hacked Med. Regenerative Plating | -3/Testing | Hacked Hvy. Regenerative Plating | -3/Testing | Hacked Robot Schematics ------------------ T-07 Excavator | -6/Zion | Archive A-15 Conveyor | -6/Zion | Archive R-10 Processor | -6/Zion | Archive Fabricated ------------ Exp. Heat Sink | x1 | -3/Research Enh. Gamma Bomb Array | x1 | -2/Research | Preloaded Repaired ---------- Antigrav System | 16% | -4/Factory Centrium Medium Armor Plating | 50% | -3/Research Enh. Hardcell Cannon | 12% | -2/Research Studied --------- Proton Cannon | -6/Factory | Hacked Antigrav System | -5/Factory | Hacked Mic. Fission Core | -5/Factory | Hacked Hvy. Pick | -5/Factory | Hacked Imp. Remote Datajack | -3/Research | Hacked Gravmag Array | -3/Research | Hacked Gyrokinetic Inverter | -3/Research | Hacked Matter Neutralizer | -3/Research | Hacked Adv. Remote Datajack | -2/Research | Hacked Enh. Nova Cannon | -2/Quarantine | Hacked Alien Tech Used ----------------- Integrated Reactor Transdimensional Reconstructor Phase Redirector Matter Drive Terrabomb Subatomic Replicator Phase Armor Sigix Terminator Achievements -------------- Bob, First Of His Name Fitting Room Loot Taster Ponder That! Rodney's Helpers SUBSUB That Tickles Challenges ------------ None Game ------ Seed CarbideSuspensionClaws Manual? 0 Play Time 05:14:24 Cumulative 538.5 hours Start 2025.11.23 @ 12:27:34 End 2025.11.30 @ 15:21:14 Sessions 11 Manual Loads 0 Difficulty Rogue Special Mode None Game No. 219 Rogue 219 Adventurer 0 Explorer 0 Win Type 0 Total 17 Types 15/0/1/1/0/0/0/0/0/0 Lore% 80 Gallery% 77 Achievement% 52 Wizard Run 0 Options --------- Layout 0 ASCII 0 Keyboard 0 Movement Numpad Keybinds 0 Fullscreen 1 Font 24/X11 Map View 76x50 Zoom Use 0% Tactical HUD 1 Map Filters NONE Filters NONE Steam 1 RUN: ef880bde-0523-489b-9845-01b62eda7cae